 Dungeon Crawl Stone Soup version 0.30.1-3-gfc49f6343a (webtiles) character file.

Game seed: 11398149984289455995

8897 Pepete the Destroyer (level 11, -8/63 HPs)
             Began as a Gargoyle Fire Elementalist on July 27, 2023.
             Was an Initiate of Gozag.
             Killed from afar by a starcursed mass (9 damage)
             ... with an accursed screaming
             ... on level 1 of the Abyss.
             The game lasted 00:27:17 (21263 turns).

Pepete the Destroyer (Gargoyle Fire Elementalist)  Turns: 21263, Time: 00:27:18

Health: -8/63      AC: 18    Str: 12    XL:     11   Next: 38%
Magic:  14/22      EV: 16    Int: 26    God:    Gozag
Gold:   432        SH:  0    Dex: 10    Spells: 19/25 levels left

rFire   . . .        q - +5 quarterstaff (chaos)
rCold   . . .        (shield currently unavailable)
rNeg    + + .        G - +2 robe {rN+}
rPois   ∞            p - +2 helmet
rElec   +            b - +0 cloak
rCorr   .            D - +0 pair of gloves
SInv    .            i - +0 pair of boots
Will    .....        (no amulet)
Stlth   ++           f - +5 ring of evasion
HPRegen 0.30/turn    e - +6 ring of intelligence
MPRegen 0.18/turn

%: no passive effects
@: no status effects
A: sickness immunity, AC +8, negative energy resistance 1, electricity
resistance, torment resistance 1, petrification resistance
a: Renounce Religion, Potion Petition, Call Merchant, Bribe Branch


You were on level 1 of the Abyss.
You worshipped Gozag.
Gozag was aware of your devotion.
You visited 2 branches of the dungeon, and saw 10 of its levels.
You visited the Abyss 1 time.
You also visited: Sewer.

You collected 1270 gold pieces.
You spent 728 gold pieces at shops.
You paid 110 gold pieces to Gozag.

Inventory:

Hand Weapons
 m - a +2 dagger of protection
 q - a +5 quarterstaff of chaos (weapon)
Armour
 b - a +0 cloak (worn)
 i - a +0 pair of boots (worn)
 p - a +2 helmet (worn)
 D - a +0 pair of gloves (worn)
 G - a +2 robe of positive energy (worn)
 H - a +1 buckler of reflection
Jewellery
 e - a +6 ring of intelligence (right hand)
 f - a +5 ring of evasion (left hand)
 n - a ring of positive energy
 v - a ring of see invisible
Wands
 a - a wand of polymorph (2)
 k - a wand of paralysis (15)
 s - a wand of roots (12)
 u - a wand of acid (4)
Scrolls
 d - 3 scrolls of butterflies
 g - a scroll of blinking
 r - a scroll of fog
 w - 2 scrolls of enchant weapon
 E - a scroll of poison {unknown}
 F - a scroll of brand weapon
 I - a scroll of vulnerability {unknown}
Potions
 c - a potion of cancellation {unknown}
 l - 2 potions of resistance
 t - 3 potions of mutation
 B - 2 potions of might
 C - a potion of invisibility


   Skills:
 - Level 5.0 Fighting
 - Level 1.5 Dodging
 - Level 2.1 Stealth
 - Level 7.7 Spellcasting
 - Level 9.0 Conjurations
 * Level 5.3 Necromancy
 * Level 5.3 Transmutations
 - Level 8.7 Fire Magic


You had 19 spell levels left.
You knew the following spells:

 Your Spells              Type           Power      Damage    Failure   Level
a - Foxfire               Conj/Fire      100%       2x1d9     1%          1
b - Scorch                Fire           100%       2d9       1%          2
c - Volatile Blastmotes   Fire/Tloc      64%        2d15      3%          3

Your spell library contained the following spells:

 Spells                   Type           Power      Damage    Failure   Level
 Beastly Appendage        Tmut           74%        N/A       1%          1
 Magic Dart               Conj           100%       1d8       1%          1
 Necrotise                Necr           100%       1d9       1%          1
 Flame Wave               Conj/Fire      54%        2d13      1%          4
 Passwall                 Tmut/Erth      19%        N/A       3%          2
 Inner Flame              Hex/Fire       32%        N/A       3%          3
 Mephitic Cloud           Conj/Pois/Air  25%        N/A       4%          3
 Apportation              Tloc           20%        N/A       6%          1
 Summon Small Mammal      Summ           40%        N/A       6%          1
 Dispel Undead            Necr           37%        3d15      7%          4
 Call Imp                 Summ           20%        N/A       9%          2
 Lesser Beckoning         Tloc           20%        N/A       9%          2
 Gell's Gravitas          Tloc           10%        N/A       17%         3
 Teleport Other           Tloc           10%        N/A       17%         3
 Petrify                  Tmut/Erth      23%        N/A       19%         4
 Death Channel            Necr           18%        N/A       71%         6
 Metabolic Englaciation   Hex/Ice        5%         N/A       85%         5
 Eringya's Noxious Bog    Tmut/Pois      11%        N/A       96%         6
 Borgnjor's Revivificati  Necr           18%        N/A       100%        8
 Necromutation            Tmut/Necr      18%        N/A       100%        8
 Death's Door             Necr           18%        N/A       100%        9
 Cigotuvi's Dreadful Rot  Necr/Pois/Air  Unusable   N/A       N/A         2
 Statue Form              Tmut/Erth      Unusable   N/A       N/A         6

Dungeon Overview and Level Annotations

Branches:
Dungeon (9/15)             Temple (1/1) D:5           Sewer (visited)
   Lair: D:8-11         Orc: D:9-12

Altars:
Ashenzari
Cheibriados
Elyvilon
Gozag
Hepliaklqana
Kikubaaqudgha
Makhleb
Qazlal
Ru
Sif Muna
Trog
Wu Jian
Xom
Yredelemnul

Shops:
D:4 :(:   D:5 [

Annotations:
D:3 1 runed translucent door, spardeous's ghost, weakling DgFE
D:5 2 transporters
D:9 Erolcha


Innate Abilities, Weirdness & Mutations

You are immune to sickness and miasma.
Your stone body is resilient. (AC +8)
You are immune to poison.
You resist negative energy. (rN+)
You are resistant to electric shocks. (rElec)
You are resistant to unholy torment.
You are immune to petrification.


Message History

Moving in this stuff is going to be slow. ...and don't expect to remain undetected.
A starcursed mass and a large abomination come into view.
You feel better.
A starcursed mass splits.
As you read the scroll of fog, it crumbles to dust.
The scroll dissolves into smoke.
A starcursed mass splits.
Casting: Scorch (safe; 1% risk of failure)
Confirm with . or Enter, or press ? or * to list all spells.
You don't know that spell.
You feel better.
You feel yourself slow down.
You feel better.
The shadow strikes at you from the darkness!
Reactivating autopickup.
You feel better. The shadow misses you.
You feel better. The shadow hits you! The shadow attacks as you move away!
The shadow misses you. The shadow attacks as you move away!
The shadow hits you.
You flicker for a moment.
Okay, then.
A chorus of shrieks assaults your mind.
The shadow slips into darkness.
The shadow flickers and vanishes!
Deactivating autopickup; reactivate with Ctrl-A.
A starcursed mass splits.
A chorus of shrieks assaults your mind.
* * * LOW HITPOINT WARNING * * *
You flicker back into view.
A starcursed mass splits.
A smoke demon comes into view.
The smoke demon roars!
A smoke demon comes into view.
A starcursed mass splits.
This is a scroll of acquirement!
Something appears at your feet! The smoke demon gestures at you.
Something smites you!
* * * LOW HITPOINT WARNING * * *
A deafening chorus of shrieks assaults your mind!
You die...
Your body crumbles into a pile of gold.

...# .. .... #.. ...
#.. .X ##.# ##.##
#.## .
##...###...###...###.
#.....#.....#.....~~.
#..3.@........~~~ X.
.....#.....#.....#
.~..
.3#.###...###...###~♣
#.......XX..§§§≈~....
#.......XX.§§ §§~....
#....###X##.§§§§ #
#... ######§## ##..
###§ #.. #..#§~♣


You could see 5 starcursed masses, a large abomination and 2 smoke demons.

Vanquished Creatures
  Erica (D:8)
  2 two-headed ogres
  A boulder beetle (D:7)
  2 thrashing horrors (Abyss:1)
  Pikel (D:4)
  Joseph (D:8)
  Maggie (D:8)
  An orange demon (Abyss:1)
  2 ancient zymes (Abyss:1)
  A ynoxinul (Abyss:1)
  Grum (D:8)
  An orc warrior (D:7)
  2 black bears (D:6)
  2 ice beasts (D:6)
  A sky beast (D:6)
  4 wolves (D:8)
  A centaur (D:8)
  An ogre (D:6)
  3 phantoms
  A lemure (D:5)
  6 bullfrogs
  5 scorpions
  5 killer bees (D:8)
  A vampire bat (D:5)
  4 howler monkeys (D:7)
  2 orc priests
  3 jellies
  Crazy Yiuf (D:2)
  6 hounds
  Jessica (D:2)
  Natasha (thrice) (D:3)
  5 iguanas
  3 sleepcaps
  2 orc wizards (D:6)
  12 adders
  3 gnolls (D:7)
  5 river rats
  3 white imps
  An ufetubus (D:6)
  4 dart slugs
  3 fire bats (D:5)
  24 orcs
  2 spectral bats (D:5)
  18 ball pythons
  3 bat skeletons (D:5)
  A bat zombie (D:5)
  5 endoplasms
  3 giant cockroaches
  4 goblins
  A hobgoblin (D:2)
  3 jackals (D:1)
  5 quokkas
  12 bats
  A bat simulacrum (D:5)
  5 frilled lizards
  6 kobolds
  30 rats
231 creatures vanquished.

Vanquished Creatures (others)
  1032 foxfires
1032 creatures vanquished.

Grand Total: 1263 creatures vanquished

Notes
Turn   | Place    | Note
-------+----------+-------------------------------------------
     0 | D:1      | Pepete the Gargoyle Fire Elementalist began the quest for
                  | the Orb.
     0 | D:1      | Reached XP level 1. HP: 10/10 MP: 3/3
   504 | D:1      | Found a faded altar of an unknown god.
   530 | D:1      | Reached XP level 2. HP: 15/15 MP: 1/5
  1772 | D:1      | Reached skill level 2 in Conjurations
  1827 | D:1      | Reached XP level 3. HP: 19/19 MP: 1/6
  2009 | D:1      | Learned a level 2 spell: Scorch
  3217 | D:2      | Noticed Jessica
  3223 | D:2      | Killed Jessica
  3337 | D:2      | Reached XP level 4. HP: 24/24 MP: 3/8
  3805 | D:2      | Found a runed translucent door.
  3806 | D:2      | Noticed Crazy Yiuf
  4151 | D:2      | Killed Crazy Yiuf
  4152 | D:2      | Reached skill level 1 in Fighting
  4753 | D:3      | Noticed spardeous's ghost (weakling DgFE)
  4754 | D:3      | Found a runed translucent door.
  4761 | D:3      | Noticed Natasha
  4767 | D:3      | Killed Natasha
  4768 | D:3      | Reached XP level 5. HP: 29/29 MP: 3/9
  4848 | D:3      | Noticed Natasha
  4854 | D:3      | Killed Natasha
  5358 | D:3      | Noticed Natasha
  5523 | D:3      | Killed Natasha
  5524 | D:3      | Reached skill level 3 in Conjurations
  6123 | D:4      | Found Mader's Book Shoppe.
  6207 | D:4      | Found Masyfaxt's Antique Weapon Shoppe.
  6340 | D:4      | Reached XP level 6. HP: 36/36 MP: 1/10
  6405 | D:4      | Found a glowing drain.
  6412 | Sewer    | Entered a sewer
  9601 | Sewer    | Reached XP level 7. HP: 36/43 MP: 1/12
 10038 | D:4      | Reached skill level 4 in Conjurations
 10646 | D:4      | Found Mifad's Book Emporium.
 11434 | D:5      | Entered Level 5 of the Dungeon
 11752 | D:5      | Reached skill level 5 in Fighting
 12018 | D:5      | Found a staircase to the Ecumenical Temple.
 12026 | D:5      | Got the Secrets of Shaping
 12032 | Temple   | Entered the Ecumenical Temple
 12300 | Temple   | Became a worshipper of Gozag Ym Sagoz the Greedy
 12340 | D:5      | Reached skill level 5 in Fire Magic
 12609 | D:5      | Reached XP level 8. HP: 49/49 MP: 11/14
 12672 | D:5      | Found Inid's Antique Armour Shop.
 12909 | D:5      | Noticed Pikel
 12922 | D:4      | Killed Pikel
 12923 | D:4      | Reached skill level 5 in Spellcasting
 12923 | D:4      | Reached skill level 5 in Conjurations
 13793 | D:5      | Found a transporter.
 13814 | D:5      | Found a transporter.
 14139 | D:5      | Learned a level 3 spell: Volatile Blastmotes
 14313 | D:6      | Reached skill level 6 in Conjurations
 14532 | D:6      | Reached XP level 9. HP: 54/54 MP: 11/17
 15386 | D:6      | Reached skill level 7 in Conjurations
 16347 | D:7      | Noticed a boulder beetle
 16738 | D:7      | Reached skill level 8 in Conjurations
 17205 | D:7      | Killed a boulder beetle
 17206 | D:7      | Reached XP level 10. HP: 49/59 MP: 2/21
 18536 | D:8      | Noticed Grum
 18555 | D:8      | Killed Grum
 18556 | D:8      | Reached skill level 9 in Conjurations
 19061 | D:4      | Bought a Necronomicon for 728 gold pieces
 19172 | D:8      | Noticed Maggie
 19184 | D:8      | Killed Maggie
 19185 | D:8      | Reached skill level 1 in Necromancy
 19185 | D:8      | Reached skill level 1 in Transmutations
 19388 | D:8      | Noticed Joseph
 19398 | D:8      | Killed Joseph
 19612 | D:8      | Noticed Erica
 19612 | D:8      | Noticed a two-headed ogre
 20059 | D:8      | Killed Erica
 20140 | D:8      | Killed a two-headed ogre
 20618 | D:9      | Noticed a two-headed ogre
 20622 | D:9      | Killed a two-headed ogre
 20623 | D:9      | Reached XP level 11. HP: 63/63 MP: 15/22
 20795 | D:9      | Noticed Erolcha
 20800 | Abyss:1  | Found a corrupted altar of Lugonu.
 20800 | Abyss:1  | Cast into level 1 of the Abyss (Erolcha)
 20828 | Abyss:1  | Noticed a thrashing horror
 20834 | Abyss:1  | Noticed a thrashing horror
 20844 | Abyss:1  | Killed a thrashing horror
 20880 | Abyss:1  | Killed a thrashing horror
 20988 | Abyss:1  | Reached skill level 5 in Necromancy
 20988 | Abyss:1  | Reached skill level 5 in Transmutations
 20999 | Abyss:1  | Noticed a bone dragon
 21033 | Abyss:1  | Noticed a thrashing horror
 21223 | Abyss:1  | HP: 1/63 [something (4)]
 21237 | Abyss:1  | Noticed a starcursed mass
 21245 | Abyss:1  | Noticed a starcursed mass
 21263 | Abyss:1  | Identified a scroll of acquirement
 21263 | Abyss:1  | Acquired the +1 hat "Unlum" {+Blink rPois}
 21263 | Abyss:1  | HP: 1/63 [smoke demon/divine providence (12)]
 21263 | Abyss:1  | Killed from afar by a starcursed mass

Illustrated notes

Levels and vault maps discovered:
D:1:      lightli_arrival_maybe_door_vault, layout_basic,
          ebering_ecumenical_altar_sacrificial
D:2:      layout_basic, uniq_jessica, uniq_crazy_yiuf_cottage
D:3:      layout_rooms, gammafunk_ghost_grave, uniq_natasha
D:4:      layout_layer_cave, gup_sewer_entry_bubbles, serial_shops,
          nicolae_shop_just_a_little_nook, nicolae_shop_real_fake_doors, shop
D:5:      gammafunk_steamed_eel, layout_basic, minmay_temple_entry_offerings,
          serial_shops, shop, goddamned_bats, uniq_pikel
D:6:      minmay_razor_zed, layout_rooms
D:7:      layout_basic, chequers_garden
D:8:      layout_rooms, uniq_maggie, uniq_erica, uniq_grum, uniq_joseph
D:9:      layout_roguey, erik_orc_1, uniq_erolcha
Temple:   minmay_temple_curvy_branch
Abyss:1:  base: D:7, hangedman_elemental_corridor

Skill      XL: |  1  2  3  4  5  6  7  8  9 10 11 |
---------------+----------------------------------+-----
Conjurations   | 2 3 4 6 8 9 |  9.0
Fighting       | 1 2 4 5 |  5.0
Spellcasting   | 3 4 5 7 |  7.7
Fire Magic     | 4 5 6 8 |  8.7
Necromancy     | 4 5 |  5.3
Transmutations | 4 5 |  5.3
Dodging        | |  1.5
Stealth        | |  2.1

Action                     |  1- 3 |  4- 6 |  7- 9 | 10-12 || total
---------------------------+-------+-------+-------+-------++-------
  Melee: Unarmed           |     7 |       |       |       ||     7
         Hand axe          |     1 |       |       |       ||     1
         Dagger            |       |     4 |       |       ||     4
         Quarterstaff      |       |    24 |    50 |    29 ||   103
   Cast: Foxfire           |    92 |   199 |   242 |    82 ||   615
         Scorch            |     3 |    15 |    82 |    58 ||   158
  Evoke: Wand              |       |       |     3 |       ||     3
    Use: Potion            |       |     2 |     1 |    11 ||    14
         Scroll            |       |     8 |     8 |    15 ||    31
 Armour: Robe              |     6 |    17 |    50 |    92 ||   165
  Dodge: Dodged            |     9 |    48 |   121 |   143 ||   321
